 Dungeon Crawl Stone Soup version 0.28-a0-1182-g381e24db82 (webtiles) character file.

Game seed: 12375606600244826383

35 jtrev the Cudgeller (level 3, -2/34 HPs)
             Began as a Gargoyle Berserker on Dec 17, 2021.
             Was a Follower of Trog.
             Slain by a scorpion (6 damage)
             ... on level 2 of the Dungeon.
             The game lasted 00:03:00 (1615 turns).

jtrev the Cudgeller (Gargoyle Berserker)            Turns: 1615, Time: 00:03:01

Health: -2/34      AC:  5    Str: 22    XL:     3   Next: 33%
Magic:  3/3        EV: 11    Int:  7    God:    Trog [*.....]
Gold:   87         SH:  0    Dex:  9    Spells: 2/2 levels left

rFire   . . .      SeeInvis .   a - +0 mace
rCold   . . .      Faith    .   (no shield)
rNeg    + . .      Spirit   .   b - +0 animal skin
rPois   ∞          Reflect  .   (no helmet)
rElec   +          Harm     .   (no cloak)
rCorr   .          Rampage  .   (no gloves)
Will    .....                   (no boots)
Stlth   ..........              (no amulet)
HPRegen 0.11/turn               (no ring)
MPRegen 0.08/turn               (no ring)

@: berserking, very quick
A: sickness immunity, AC +3, negative energy resistance 1, electricity
resistance, torment resistance 1, petrification resistance
a: Renounce Religion, Berserk


You were on level 2 of the Dungeon.
You worshipped Trog.
Trog was aware of your devotion.
You visited 1 branch of the dungeon, and saw 2 of its levels.

You collected 87 gold pieces.

Inventory:

Hand Weapons
 a - a +0 mace (weapon)
Missiles
 d - 2 throwing nets (quivered) {!f}
Armour
 b - a +0 animal skin (worn)
 g - a +0 leather armour
   (You found it on level 2 of the Dungeon)
Scrolls
 e - a scroll of identify {unknown}
Potions
 c - a potion of mutation {unknown}
 f - a potion of haste {unknown}


   Skills:
 - Level 3.2 Fighting
 + Level 4.3 Maces & Flails
 - Level 2.1 Armour
 - Level 1.5 Dodging


You had 2 spell levels left.
You didn't know any spells.
Your spell library was empty.

Dungeon Overview and Level Annotations

Branches:
Dungeon (2/15)

Altars:


Innate Abilities, Weirdness & Mutations

You are immune to sickness and miasma.
Your stone body is resilient. (AC +3)
You are immune to poison.
You resist negative energy. (rN+)
You are resistant to electric shocks. (rElec)
You are resistant to unholy torment.
You are immune to petrification.


Message History

The frilled lizard bites you.
You hit the frilled lizard.
You kill the frilled lizard!
Trog accepts your kill. The frilled lizard barely misses you.
The frilled lizard bites you but does no damage.
You sock the frilled lizard!
You kill the frilled lizard!
Trog accepts your kill.
No target in view!
No target in view!
No target in view!
Found a flail.
A goblin comes into view. It is wielding a +0 club.
A goblin is nearby!
A goblin is nearby!
The goblin shouts!
The goblin hits you with a +0 club.
You miss the goblin. The goblin hits you but does no damage.
You hit the goblin. The goblin hits you with a +0 club.
You barely miss the goblin. The goblin hits you but does no damage.
You hit the goblin.
You kill the goblin!
Trog accepts your kill.
No target in view!
No target in view!
No target in view!
No target in view!
A scorpion is nearby!
A scorpion is nearby!
A scorpion is nearby!
A scorpion is nearby!
The scorpion stings you.
You barely miss the scorpion.
The scorpion stings you but does no damage.
You hit the scorpion but do no damage. The scorpion stings you.
You thump the scorpion! The scorpion stings you.
* * * LOW HITPOINT WARNING * * *
The scorpion stings you.
* * * LOW HITPOINT WARNING * * *
Unknown command.
Unknown command.
Unknown command.
A red film seems to cover your vision as you go berserk!
You feel yourself moving faster!
You feel mighty! The scorpion stings you.
* * * LOW HITPOINT WARNING * * *
You sock the scorpion! The scorpion barely misses you.
Unknown command.
You hit the scorpion but do no damage. The scorpion stings you.
You die...

.# .. # .# #.. .#. . .# #.# ..
...###### .. .# #.# .#
......... .. .# #.###.#
........###.# ... .###.....#
........... ... .....# .#
.......).# .... †....###.#
#+####..## ...#
.....##.######.s@.....##...#.
................#.#.#.........
..............................
......#.#####...#.#.#.###....
......#.# ...........###..#
###+#...# ###...#.#.#..##..##.
# ...... ................... .
#...#. ##.......##.##..#### .
...... #..........##.....


You could see a scorpion.

Vanquished Creatures
  An adder (D:2)
  2 endoplasms
  3 giant cockroaches
  3 goblins
  3 kobolds (D:1)
  3 ball pythons
  3 bats (D:1)
  5 frilled lizards
  4 rats
27 creatures vanquished.

Notes
Turn   | Place    | Note
-------+----------+-------------------------------------------
     0 | D:1      | jtrev the Gargoyle Berserker began the quest for the Orb.
     0 | D:1      | Reached XP level 1. HP: 14/14 MP: 1/1
   503 | D:1      | Reached XP level 2. HP: 19/19 MP: 2/2
   524 | D:1      | Found a faded altar of an unknown god.
  1257 | D:2      | Noticed a scorpion
  1307 | D:2      | Reached skill level 4 in Maces & Flails
  1307 | D:2      | Reached XP level 3. HP: 23/23 MP: 3/3
  1615 | D:2      | Slain by a scorpion

Illustrated notes

Levels and vault maps discovered:
D:1:      scummos_arrival_gate, layout_basic, hellmonk_ecumenical_altar_blasted
D:2:      layout_basic, serial_shops, shop, serial_glass, glass_columns_c,
          glass_columns_b, dk_vineyard_1

Skill      XL: |  1  2 |
---------------+-------+-----
Maces & Flails | 4 |  4.3
Fighting       | |  3.2
Armour         | |  2.1
Dodging        | |  1.5

Action                   || total
-------------------------++-------
Melee: Mace              ||    96
Invok: Berserk           ||     1
Armor: Animal skin       ||    45
Dodge: Dodged            ||    66

Table legend: (Time is in decaauts)
 A = Elapsed time spent in this place.
 B = Non-inter-level travel time spent in this place.
 C = Inter-level travel time spent in this place.
 D = Time resting spent in this place.
 E = Time spent auto-exploring this place.
 F = Levels seen in this place.
 G = Mean time per level.
                   A        B        C        D        E       F      G
               +--------+--------+--------+--------+--------+-----+--------+
         Total |   1635 |   1525 |    110 |      0 |   1254 |   2 |  817.5 |
       Dungeon |   1635 |   1525 |    110 |      0 |   1254 |   2 |  817.5 |
               +--------+--------+--------+--------+--------+-----+--------+

Top non-repeatable levels by time:
     D:1: 1340 daAuts
     D:2: 295 daAuts
